 Dungeon Crawl Stone Soup version 0.18.1-50-g88ac8fd (webtiles) character file.

176 tyranidshit the Skirmisher (level 5, 0/46 HPs)
             Began as a Demonspawn Abyssal Knight on Sept 14, 2016.
             Was a Believer of Lugonu.
             Slain by a giant frog (4 damage)
             ... on level 5 of the Dungeon.
             The game lasted 00:06:55 (2106 turns).

tyranidshit the Skirmisher (DsAK)                   Turns: 2106, Time: 00:06:56

Health: 0/46       AC: 20    Str: 18      XL:     5   Next: 30%
Magic:  6/6        EV:  1    Int: 11 (14) God:    Lugonu [**....]
Gold:   172        SH:  0    Dex:  5 (7)  Spells: 0 memorised, 4 levels left

rFire  . . .     SeeInvis .     d - +3 falchion of Doom {slice, Str+5 Dex-5}
rCold  . . .     Gourm    .     k - +0 crystal plate armour
rNeg   . . .     Faith    .     (no shield)
rPois  .         Spirit   .     (helmet restricted)
rElec  .         Dismiss  .     i - +0 cloak
rCorr  .         Reflect  .     (no gloves)
SustAt .         Harm     .     (no boots)
MR     .....                    (no amulet)
Stlth  ..........               (no ring)
                                (no ring)

@: lethally poisoned (0 -> -1), not resistant to hostile enchantments, extremely
unstealthy
A: antennae 1, iridescent scales 1, low mp 1
a: Depart the Abyss, Bend Space, Renounce Religion


You were on level 5 of the Dungeon.
You worshipped Lugonu.
Lugonu was pleased with you.
You were hungry.

You visited 1 branch of the dungeon, and saw 5 of its levels.
You visited the Abyss 1 time.

You collected 172 gold pieces.

Inventory:

Hand Weapons
 a - a +2 hand axe of flaming
 d - the +3 falchion of Doom (weapon) {slice, Str+5 Dex-5}
   (You found it on level 3 of the Abyss)

   It inflicts extra damage upon your enemies.
   It affects your strength (+5).
   It affects your dexterity (-5).
Armour
 i - a +0 cloak (worn)
 k - a +0 crystal plate armour (worn)
Rods
 t - a +0 lightning rod (13/13)
   (You found it on level 2 of the Dungeon)
Jewellery
 j - an uncursed ring of fire
Scrolls
 e - 3 scrolls of random uselessness
 f - 6 scrolls of identify
 n - a scroll of teleportation
Potions
 o - a potion of brilliance
Comestibles
 b - 2 fruits
 g - a beef jerky
 h - 2 meat rations
 l - 2 bread rations
 s - a slice of pizza


   Skills:
 + Level 6.0 Fighting
 - Level 1.8 Axes
 - Level 1.7 Armour
 - Level 0.8 Dodging
 - Level 2.4 Invocations


You had 4 spell levels left.
You didn't know any spells.

Dungeon Overview and Level Annotations

Branches:
Dungeon (6/15)
 Temple: D:4-7

Altars:
Pakellas
Yredelemnul

Shops:
D:5 *


Innate Abilities, Weirdness & Mutations

You have a pair of small antennae on your head.
You are partially covered in iridescent scales (AC +4).
[Your magical capacity is low (-10% MP).]


Message History

The giant frog is lightly wounded.
The giant frog hits you.
* * * LOW HITPOINT WARNING * * *
Your crystal plate armour prevents you from hitting the giant frog.
The giant frog is lightly wounded.
The giant frog hits you but does no damage. x2
You miss the giant frog.
The giant frog is lightly wounded.
You feel sick.
The giant frog hits you but does no damage. x2
You hit the giant frog.
The giant frog is moderately wounded.
The giant frog hits you but does no damage.
The giant frog hits you.
* * * LOW HITPOINT WARNING * * *
You closely miss the giant frog.
The giant frog is moderately wounded.
The giant frog hits you but does no damage.
The giant frog hits you.
You die...

.##
.[..###
#..∩.
#..#####.#
#.F@....#
#########


You could see a giant frog.

Vanquished Creatures
  A water moccasin zombie (D:6)
  A hound (D:6)
  A worker ant (D:6)
  An adder (D:5)
  An ooze (D:2)
  A worm (D:2)
  A dart slug (D:1)
  3 giant geckos
  An orc (D:3)
  2 giant cockroaches (D:2)
  7 goblins
  4 hobgoblins
  6 jackals
  3 kobolds (D:1)
  7 bats
  3 giant newts
  4 rats
47 creatures vanquished.

Notes
Turn   | Place    | Note
--------------------------------------------------------------
     0 | Abyss:1  | tyranidshit the Demonspawn Abyssal Knight began the quest for the Orb.
     0 | Abyss:1  | Reached XP level 1. HP: 18/18 MP: 2/2
    34 | Abyss:1  | Noticed a starcursed mass
   106 | Abyss:2  | Noticed a small abomination
   112 | Abyss:3  | Got a fine falchion
   113 | Abyss:3  | Identified the +3 falchion of Doom {slice, Str+5 Dex-5} (You found it on level 3 of the Abyss)
   144 | Abyss:3  | Noticed a hellwing
   154 | Abyss:3  | Noticed a wretched star
   162 | Abyss:3  | Noticed a tentacled starspawn
   163 | D:1      | Escaped the Abyss
   308 | D:1      | Gained mutation: You have a pair of small antennae on your head. [demonic ancestry]
   308 | D:1      | Reached XP level 2. HP: 3/24 MP: 3/3
   468 | D:1      | Reached * piety under Lugonu
   838 | D:1      | Reached skill level 4 in Fighting
  1203 | D:2      | Reached XP level 3. HP: 30/30 MP: 3/3
  1400 | D:2      | Found an oddly glowing altar of Pakellas.
  1413 | D:2      | Found a basalt altar of Yredelemnul.
  1490 | D:2      | Reached ** piety under Lugonu
  1917 | D:3      | You fall through a shaft for 3 floors!
  1987 | D:6      | Reached skill level 5 in Fighting
  1987 | D:6      | Gained mutation: You are partially covered in iridescent scales (AC +4). [demonic ancestry]
  1987 | D:6      | Reached XP level 4. HP: 3/39 MP: 4/4
  2015 | D:6      | Reached skill level 6 in Fighting
  2015 | D:6      | Reached XP level 5. HP: 14/46 MP: 6/6
  2085 | D:5      | Entered Level 5 of the Dungeon
  2085 | D:5      | Found Ahoom's Assorted Antiques.
  2106 | D:5      | Slain by a giant frog

Skill      XL: |  1  2  3  4 |
---------------+-------------+-----
Fighting       | 4 5 6 |  6.0
Axes           | |  1.8
Armour         | |  1.7
Dodging        | |  0.8
Invocations    | |  2.4

Action                   |  1- 3 |  4- 6 || total
-------------------------+-------+-------++-------
Melee: Falchion          |   124 |    34 ||   158
Invok: Depart the Abyss  |     1 |       ||     1
  Use: Scroll            |     6 |       ||     6
       Potion            |     3 |     3 ||     6
  Eat: Bread ration      |     1 |       ||     1
       Fruit             |       |     1 ||     1
Armor: Leather armour    |    17 |       ||    17
       Crystal plate arm |   139 |    53 ||   192
       Ring mail         |     6 |       ||     6
Dodge: Dodged            |    48 |     4 ||    52
